AoeStats
← Me Gusta YPF

Arabia

509481142Analyzed
3v3 RM · 5d ago on Sep 26, 2026· 48m 28s· 6 players
Game mode
Random Map
Map size
Normal (6 player)
Population
200
Speed
Normal
Resources
Standard
Victory
Conquest
Starting age
Dark Age
Ending age
Imperial Age
RankedLock teamsTeams togetherTeam positionsShared explorationLock speedFull tech treeHidden civsTurbo modeCheats
Victory
Defeat
🇲🇽 Koreans · Mexico
937
+14
🇨🇱 Franks · Chile
898
+15
🇦🇺 Jurchens · Australia
851
+17
🇦🇷 Wei · Argentina
997
-20
🇦🇷 Spanish · Argentina
915
-17
🇦🇷 Persians · Argentina
728
-9
LinkStated
5:20 Loom
10:30 Feudal Age
14:45 Double-Bit Axe
16:30 Horse Collar
19:47 Castle Age
20:23 Pikeman
22:06 Gold Mining
23:39 Padded Archer Armor
31:41 Scale Barding Armor
32:40 Heavy Plow
33:38 Town Watch
35:48 Wheelbarrow
37:39 Hand Cart
37:48 Chain Barding Armor
37:38 Forging
38:58 Town Patrol
43:39 Imperial Age
45:01 Conscription
46:15 Chemistry
45:38 Ballistics
Me Gusta YPF
13:03 Feudal Age
15:54 Double-Bit Axe
19:29 Horse Collar
20:28 Wheelbarrow
19:39 Loom
AndresB818
10:00 Feudal Age
8:34 Loom
15:56 Castle Age
16:22 Double-Bit Axe
16:54 Pikeman
19:38 Horse Collar
26:22 Husbandry
26:32 Bloodlines
36:08 Wheelbarrow
40:14 Scale Barding Armor
40:09 Scale Mail Armor
41:08 Forging
41:02 Squires
40:48 Arson
43:48 Imperial Age
MARC05007
0:35 Loom
12:52 Feudal Age
16:27 Double-Bit Axe
17:56 Wheelbarrow
19:02 Fletching
19:13 Scale Mail Armor
19:24 Forging
22:02 Man-at-Arms
30:07 Castle Age
27:53 Town Watch
28:15 Scale Barding Armor
30:17 Horse Collar
31:27 Bodkin Arrow
31:04 Pikeman
31:45 Squires
31:08 Crossbowman
34:19 Chain Mail Armor
34:50 Murder Holes
38:35 Hand Cart
39:45 Caravan
40:16 Coinage
41:19 Iron Casting
45:32 Imperial Age
45:09 Fervor
44:47 Light Cavalry
45:28 Husbandry
46:54 Town Patrol
46:51 Arson
47:13 Eupseong
48:03 Chain Barding Armor
48:06 Gold Mining
48:06 Stone Mining
48:20 Bracer
AussieHoon
4:54 Loom
11:52 Feudal Age
17:44 Castle Age
16:19 Double-Bit Axe
20:18 Horse Collar
24:00 Arson
24:16 Squires
26:38 Wheelbarrow
26:43 Gold Mining
29:27 Hand Cart
29:28 Bow Saw
29:19 Heavy Plow
29:57 Gold Shaft Mining
29:33 Pikeman
30:16 Squires
30:30 Forging
30:13 Fletching
32:06 Light Cavalry
38:51 Imperial Age
37:44 Bloodlines
37:35 Husbandry
38:17 Iron Casting
37:48 Scale Barding Armor
37:39 Bodkin Arrow
39:16 Padded Archer Armor
40:33 Chemistry
40:52 Thunderclap Bombs
41:32 Siege Engineers
41:47 Heavy Rocket Cart
43:18 Elite Iron Pagoda
45:17 Chain Barding Armor
45:58 Blast Furnace
44:59 Bracer
Ruipue
3:14 Loom
10:52 Feudal Age
11:27 Double-Bit Axe
16:33 Castle Age
20:56 Wheelbarrow
25:09 Hand Cart
31:14 Imperial Age
28:42 Gold Mining
31:26 Cavalier
32:21 Forging
32:50 Town Watch
33:35 Husbandry
34:23 Conscription
36:47 Chivalry
37:30 Iron Casting
36:46 Fletching
37:38 Bow Saw
39:03 Paladin
41:31 Blast Furnace
41:49 Scale Barding Armor
45:35 Gold Shaft Mining
46:42 Chain Barding Armor
48:21 Plate Barding Armor
Connection lost

Rejoining the realm…

Still unreachable

The connection could not be restored.

Session expired

The server has moved on; the page needs a fresh start.